| TOP OF THE 1ST |
|
South Bend Cubs batting - Pitching for Kane County Cougars : RHP Cody Savastand
|
|
Pitching: RHP Cody Savastand
|
|
|
Batting: RHB Puluke Konane
|
0-0: Ball 1-0: Ball 2-0: Called Strike 2-1: Ball 3-1: Foul Ball, location: 2F 3-2: Fly out, F9 (Flyball, 89S, EV 94.4 MPH)
|
|
Batting: RHB Jose Balderrama
|
0-0: Ball 1-0: Ball 2-0: Foul Ball, location: 2F 2-1: SINGLE (Groundball, 25, EV 70.6 MPH) (infield hit)
|
|
Batting: RHB Mike Savage
|
0-0: Fly out, F8 (Line Drive, 8RD, EV 90.0 MPH)
|
|
Batting: RHB Leonardo Nava
|
0-0: Called Strike 0-1: Ball 1-1: Swinging Strike 1-2: SINGLE (Groundball, 34, EV 91.2 MPH) (infield hit) Jose Balderrama to second
|
|
Batting: RHB Brad Santanello
|
0-0: Ball 1-0: Ball 2-0: Called Strike 2-1: Ball 3-1: Foul Ball, location: 2F 3-2: Base on Balls Jose Balderrama to third Leonardo Nava to second
|
|
Batting: RHB Armando Vilano
|
0-0: Ball 1-0: Called Strike 1-1: Reached on error, E4 (Groundball, 4, EV 85.0 MPH) Jose Balderrama scores Leonardo Nava to third Brad Santanello to second
|
|
Batting: RHB Jonathan Sotelo
|
0-0: Called Strike 0-1: SINGLE (Line Drive, 6MD, EV 96.2 MPH) Leonardo Nava scores Brad Santanello to third Armando Vilano to second Throwing error, E8 Brad Santanello scores Armando Vilano to third Jonathan Sotelo to second
|
|
Batting: LHB Mark Huey
|
0-0: Ball 1-0: Foul Ball, location: 2F 1-1: Fly out, F2 (Popup, 23F, EV 74.4 MPH)
|
| Top of the 1st over - 3 runs, 3 hits, 2 errors, 2 left on base; South Bend 3 - Kane County 0 |
| BOTTOM OF THE 1ST |
|
Kane County Cougars batting - Pitching for South Bend Cubs : RHP Jose Ramirez
|
|
Pitching: RHP Jose Ramirez
|
|
|
Batting: RHB Larry Hardman
|
0-0: Swinging Strike 0-1: Ball 1-1: Fly out, F8 (Flyball, 8LD, EV 88.8 MPH)
|
|
Batting: RHB Paul Schreiber
|
0-0: Ball 1-0: Foul Ball, location: 2F 1-1: Ball 2-1: Ball 3-1: Base on Balls
|
|
Batting: SHB Evan Armagost
|
0-0: Ball 1-0: Foul Ball, location: 2F 1-1: Ball 2-1: Ball 3-1: Called Strike 3-2: Base on Balls Paul Schreiber to second
|
|
Batting: RHB Chad Mendoza
|
0-0: Ball 1-0: Ball 2-0: Ball 3-0: Fielders Choice at 2nd, 3-6 (Groundball, 3, EV 84.4 MPH) Paul Schreiber to third
|
|
Batting: LHB Jeff Harmon
|
0-0: Ball 1-0: Ball 2-0: Foul Ball, location: 2F 2-1: SINGLE (Flyball, 6MD, EV 91.2 MPH) Paul Schreiber scores Chad Mendoza to second
|
|
Batting: RHB Sergio Manzanero
|
0-0: Ball 1-0: Swinging Strike 1-1: Called Strike 1-2: Foul Ball, location: 2F 1-2: Strikes out swinging
|
| Bottom of the 1st over - 1 run, 1 hit, 0 errors, 2 left on base; South Bend 3 - Kane County 1 |
| TOP OF THE 2ND |
|
South Bend Cubs batting - Pitching for Kane County Cougars : RHP Cody Savastand
|
|
Batting: RHB Denis Rachin
|
0-0: Ball 1-0: Ball 2-0: Foul Ball, location: 2F 2-1: Ground out 5-3 (Groundball, 5, EV 101.9 MPH)
|
|
Batting: RHB Puluke Konane
|
0-0: SINGLE (Groundball, 13S, EV 68.8 MPH) (infield hit)
|
|
Batting: RHB Jose Balderrama
|
0-0: Ball Puluke Konane steals 2nd base 1-0: Called Strike 1-1: Ball 2-1: DOUBLE (Groundball, 5L, EV 96.2 MPH) Puluke Konane scores
|
|
Batting: RHB Mike Savage
|
0-0: Foul Ball, location: 2F 0-1: Ball 1-1: Ball 2-1: SINGLE (Groundball, P, EV 86.2 MPH) (infield hit) Jose Balderrama to third
|
|
Batting: RHB Leonardo Nava
|
0-0: Ball 1-0: Swinging Strike 1-1: Ball 2-1: Foul Ball, location: 2F 2-2: Ball 3-2: Foul Ball, location: 2F 3-2: Base on Balls Mike Savage to second
|
|
Batting: RHB Brad Santanello
|
0-0: Called Strike 0-1: Ball 1-1: Fly out, F7 (Line Drive, 78D, EV 99.4 MPH) Runner from 3rd tags up, SCORES, no throw by LF
|
|
Batting: RHB Armando Vilano
|
0-0: Called Strike 0-1: Ball 1-1: Swinging Strike 1-2: SINGLE (Groundball, 6MD, EV 98.8 MPH) Mike Savage to third Leonardo Nava to second Runner from 3rd tries for Home, SAFE, throw by CF to home
|
|
Pitching: RHP Tom Alatas
|
|
|
Batting: RHB Jonathan Sotelo
|
0-0: Called Strike 0-1: Called Strike 0-2: Ground out 4-3 (Groundball, 4D, EV 83.1 MPH)
|
| Top of the 2nd over - 3 runs, 4 hits, 0 errors, 2 left on base; South Bend 6 - Kane County 1 |
| BOTTOM OF THE 2ND |
|
Kane County Cougars batting - Pitching for South Bend Cubs : RHP Jose Ramirez
|
|
Pitching: RHP Miles Edwards
|
|
|
Batting: RHB Ernesto Zamora
|
0-0: Foul Ball, location: 2F 0-1: Swinging Strike 0-2: Foul Ball, location: 2F 0-2: Ball 1-2: Strikes out swinging
|
|
Batting: LHB Tae-geun Kwang
|
0-0: Called Strike 0-1: Foul Ball, location: 2F 0-2: Foul Ball, location: 2F 0-2: Strikes out swinging
|
|
Batting: LHB Omar Marquez
|
0-0: Ball 1-0: Swinging Strike 1-1: Called Strike 1-2: Ball 2-2: Ball 3-2: Base on Balls
|
|
Batting: RHB Larry Hardman
|
0-0: Ball 1-0: Ball 2-0: Ball 3-0: Base on Balls Omar Marquez to second
|
|
Batting: RHB Paul Schreiber
|
0-0: Ball 1-0: Fly out, F9 (Flyball, 9D, EV 96.9 MPH)
|
| Bottom of the 2nd over - 0 runs, 0 hits, 0 errors, 2 left on base; South Bend 6 - Kane County 1 |
| TOP OF THE 3RD |
|
South Bend Cubs batting - Pitching for Kane County Cougars : RHP Tom Alatas
|
|
Batting: LHB Mark Huey
|
0-0: Called Strike 0-1: Swinging Strike 0-2: Strikes out swinging
|
|
Batting: RHB Denis Rachin
|
0-0: Called Strike 0-1: Ball 1-1: Ball 2-1: Ground out 5-3 (Groundball, 56, EV 103.1 MPH)
|
|
Batting: RHB Puluke Konane
|
0-0: Ball 1-0: Foul Ball, location: 2F 1-1: Ball 2-1: Ball 3-1: Called Strike 3-2: SINGLE (Line Drive, 56D, EV 99.4 MPH)
|
|
Batting: RHB Jose Balderrama
|
0-0: Ball 1-0: Ball 2-0: Ball 3-0: Base on Balls Puluke Konane to second
|
|
Batting: RHB Mike Savage
|
0-0: Swinging Strike 0-1: Called Strike 0-2: Foul Ball, location: 2F 0-2: Ball 1-2: Ball 2-2: Strikes out swinging
|
| Top of the 3rd over - 0 runs, 1 hit, 0 errors, 2 left on base; South Bend 6 - Kane County 1 |
| BOTTOM OF THE 3RD |
|
Kane County Cougars batting - Pitching for South Bend Cubs : RHP Miles Edwards
|
|
Batting: SHB Evan Armagost
|
0-0: Ball 1-0: Called Strike 1-1: Foul Ball, location: 2F 1-2: Foul Ball, location: 2F 1-2: Ball 2-2: Ball 3-2: Base on Balls
|
|
Batting: RHB Chad Mendoza
|
0-0: Ball 1-0: Ball Evan Armagost steals 2nd base 2-0: Called Strike 2-1: Fly out, F7 (Line Drive, 7, EV 95.6 MPH)
|
|
Pitching: LHP Jose Urena
|
|
|
Batting: LHB Jeff Harmon
|
0-0: Ball 1-0: Swinging Strike 1-1: Called Strike 1-2: Strikes out swinging
|
|
Batting: RHB Sergio Manzanero
|
0-0: Called Strike 0-1: Fly out, F7 (Flyball, 78M, EV 89.4 MPH)
|
| Bottom of the 3rd over - 0 runs, 0 hits, 0 errors, 1 left on base; South Bend 6 - Kane County 1 |
| TOP OF THE 4TH |
|
South Bend Cubs batting - Pitching for Kane County Cougars : RHP Tom Alatas
|
|
Batting: RHB Leonardo Nava
|
0-0: Called Strike 0-1: Ball 1-1: Foul Ball, location: 2F 1-2: Ball 2-2: Foul Ball, location: 2F 2-2: Ground out 1-3 (Groundball, 15, EV 63.8 MPH)
|
|
Pitching: RHP John Petersen
|
|
|
Batting: RHB Brad Santanello
|
0-0: Fly out, F8 (Flyball, 78S, EV 79.4 MPH)
|
|
Batting: RHB Armando Vilano
|
0-0: Called Strike 0-1: Called Strike 0-2: SINGLE (Groundball, 5S, EV 67.5 MPH) (infield hit)
|
|
Batting: RHB Jonathan Sotelo
|
0-0: Ground out U3 (Groundball, 3, EV 105.6 MPH)
|
| Top of the 4th over - 0 runs, 1 hit, 0 errors, 1 left on base; South Bend 6 - Kane County 1 |
| BOTTOM OF THE 4TH |
|
Kane County Cougars batting - Pitching for South Bend Cubs : LHP Jose Urena
|
|
Batting: RHB Ernesto Zamora
|
0-0: Ball 1-0: Called Strike 1-1: SINGLE (Flyball, 6MD, EV 90.0 MPH)
|
|
Batting: LHB Tae-geun Kwang
|
0-0: Ball 1-0: Called Strike 1-1: Called Strike 1-2: Ball Wild Pitch! Ernesto Zamora to second 2-2: Strikes out swinging
|
|
Batting: LHB Omar Marquez
|
0-0: Called Strike Ernesto Zamora steals 3rd, throwing error, E2 Ernesto Zamora scores 0-1: Called Strike 0-2: Strikes out swinging
|
|
Batting: RHB Larry Hardman
|
0-0: Called Strike 0-1: Ball 1-1: Swinging Strike 1-2: Ball 2-2: Ball 3-2: Foul Ball, location: 2F 3-2: Strikes out swinging
|
| Bottom of the 4th over - 1 run, 1 hit, 1 error, 0 left on base; South Bend 6 - Kane County 2 |
| TOP OF THE 5TH |
|
South Bend Cubs batting - Pitching for Kane County Cougars : RHP John Petersen
|
|
Batting: LHB Mark Huey
|
0-0: Foul Ball, location: 2F 0-1: Foul Ball, location: 2F 0-2: Foul Ball, location: 2F 0-2: Strikes out looking
|
|
Batting: RHB Denis Rachin
|
0-0: Ball 1-0: Foul Ball, location: 2F 1-1: Ball 2-1: Ball 3-1: Base on Balls
|
|
Batting: RHB Puluke Konane
|
0-0: Ball 1-0: Foul Ball, location: 2F 1-1: Called Strike 1-2: Fielders Choice at 2nd, 4-6 (Groundball, 4, EV 79.4 MPH)
|
|
Batting: RHB Jose Balderrama
|
0-0: Ball Puluke Konane steals 2nd base 1-0: Foul Ball, location: 2F 1-1: Fly out, F9 (Flyball, 9D, EV 97.5 MPH)
|
| Top of the 5th over - 0 runs, 0 hits, 0 errors, 1 left on base; South Bend 6 - Kane County 2 |
| BOTTOM OF THE 5TH |
|
Kane County Cougars batting - Pitching for South Bend Cubs : LHP Jose Urena
|
|
Batting: RHB Paul Schreiber
|
0-0: Called Strike 0-1: Ground out 5-3 (Groundball, 56, EV 76.9 MPH)
|
|
Batting: SHB Evan Armagost
|
0-0: Ball 1-0: Called Strike 1-1: Ball 2-1: Foul Ball, location: 2F 2-2: Ball 3-2: SINGLE (Groundball, 4D, EV 95.0 MPH)
|
|
Pitching: RHP Nicolai Volnov
|
|
|
Batting: RHB Chad Mendoza
|
0-0: Hit by Pitch Evan Armagost to second
|
|
Batting: LHB Jeff Harmon
|
0-0: Swinging Strike 0-1: Foul Ball, location: 2F 0-2: Strikes out looking
|
|
Batting: RHB Sergio Manzanero
|
0-0: Called Strike 0-1: Ball 1-1: Foul Ball, location: 2F 1-2: Strikes out swinging
|
| Bottom of the 5th over - 0 runs, 1 hit, 0 errors, 2 left on base; South Bend 6 - Kane County 2 |
| TOP OF THE 6TH |
|
South Bend Cubs batting - Pitching for Kane County Cougars : RHP John Petersen
|
|
Batting: RHB Mike Savage
|
0-0: Ball 1-0: Ball 2-0: SINGLE (Groundball, 3D, EV 98.1 MPH)
|
|
Pitching: RHP Cortez Mendiola
|
|
|
Batting: RHB Leonardo Nava
|
0-0: Ball Mike Savage steals 2nd, throwing error, E2 Mike Savage to third 1-0: Called Strike 1-1: Foul Ball, location: 2F 1-2: Ball 2-2: 2-RUN HOME RUN (Flyball, 78XD, EV 104.4 MPH), Distance : 409 ft
|
|
Batting: RHB Brad Santanello
|
0-0: Ball 1-0: Ball 2-0: Called Strike 2-1: Foul Ball, location: 2F 2-2: Foul Ball, location: 2F 2-2: Foul Ball, location: 2F 2-2: Ball 3-2: Strikes out swinging
|
|
Batting: RHB Armando Vilano
|
0-0: Called Strike 0-1: Ball 1-1: Foul Ball, location: 2F 1-2: Ball 2-2: Ground out U3 (Groundball, 13, EV 83.8 MPH)
|
|
Batting: RHB Jonathan Sotelo
|
0-0: Foul Ball, location: 2F 0-1: Ball 1-1: Ball 2-1: Foul Ball, location: 2F 2-2: Foul Ball, location: 2F 2-2: Ball 3-2: SINGLE (Groundball, 6MD, EV 105.0 MPH)
|
|
Batting: LHB Mark Huey
|
0-0: Ground out 4-3 (Groundball, 4S, EV 82.5 MPH)
|
| Top of the 6th over - 2 runs, 3 hits, 1 error, 1 left on base; South Bend 8 - Kane County 2 |
| BOTTOM OF THE 6TH |
|
Kane County Cougars batting - Pitching for South Bend Cubs : RHP Nicolai Volnov
|
|
Batting: RHB Ernesto Zamora
|
0-0: Ball 1-0: Ground out U3 (Groundball, 3S, EV 86.2 MPH)
|
|
Batting: LHB Tae-geun Kwang
|
0-0: Ball 1-0: Swinging Strike 1-1: Called Strike 1-2: Strikes out looking
|
|
Batting: LHB Omar Marquez
|
0-0: Foul Ball, location: 2F 0-1: Ball 1-1: Ball 2-1: Ball 3-1: Foul Ball, location: 2F 3-2: Base on Balls
|
|
Batting: RHB Larry Hardman
|
0-0: Ball 1-0: Called Strike Omar Marquez is caught stealing 2nd base 2-4
|
| Bottom of the 6th over - 0 runs, 0 hits, 0 errors, 0 left on base; South Bend 8 - Kane County 2 |
| TOP OF THE 7TH |
|
South Bend Cubs batting - Pitching for Kane County Cougars : RHP Cortez Mendiola
|
|
Batting: RHB Denis Rachin
|
0-0: Fly out, F8 (Flyball, 8RM, EV 88.1 MPH)
|
|
Batting: RHB Puluke Konane
|
0-0: Called Strike 0-1: Ground out 4-3 (Groundball, 4, EV 83.8 MPH)
|
|
Batting: RHB Jose Balderrama
|
0-0: Ground out 5-3 (Groundball, 5, EV 108.1 MPH)
|
| Top of the 7th over - 0 runs, 0 hits, 0 errors, 0 left on base; South Bend 8 - Kane County 2 |
| BOTTOM OF THE 7TH |
|
Kane County Cougars batting - Pitching for South Bend Cubs : RHP Nicolai Volnov
|
|
Pitching: LHP VirgĂlio Beyfus
|
|
|
Batting: RHB Larry Hardman
|
0-0: Called Strike 0-1: Ball 1-1: Foul Ball, location: 2F 1-2: SINGLE (Groundball, 56D, EV 111.2 MPH)
|
|
Batting: RHB Paul Schreiber
|
0-0: Fielders Choice at 2nd, 4-6 (Groundball, 4, EV 82.5 MPH)
|
|
Batting: SHB Evan Armagost
|
0-0: Ball 1-0: Ball 2-0: Foul Ball, location: 2F 2-1: SINGLE (Flyball, 3D, EV 93.8 MPH) Paul Schreiber to second
|
|
Batting: RHB Chad Mendoza
|
0-0: Called Strike 0-1: Ball 1-1: Swinging Strike 1-2: Ball 2-2: Ball 3-2: Base on Balls Paul Schreiber to third Evan Armagost to second
|
|
Batting: LHB Jeff Harmon
|
0-0: Called Strike 0-1: Foul Ball, location: 2F 0-2: Ball 1-2: Ball 2-2: Strikes out swinging
|
|
Pitching: RHP Jose Marrero
|
|
|
Batting: RHB Sergio Manzanero
|
0-0: Called Strike 0-1: Foul Ball, location: 2F 0-2: Ball 1-2: Foul Ball, location: 2F 1-2: Foul Ball, location: 2F 1-2: Fielders Choice at 2nd, 5-4 (Groundball, 56, EV 83.8 MPH)
|
| Bottom of the 7th over - 0 runs, 2 hits, 0 errors, 3 left on base; South Bend 8 - Kane County 2 |
| TOP OF THE 8TH |
|
South Bend Cubs batting - Pitching for Kane County Cougars : RHP Cortez Mendiola
|
|
Batting: RHB Mike Savage
|
0-0: Called Strike 0-1: Foul Ball, location: 2F 0-2: Strikes out swinging, 2-3 out at first.
|
|
Batting: RHB Leonardo Nava
|
0-0: Called Strike 0-1: Swinging Strike 0-2: Ball 1-2: Strikes out swinging, 2-3 out at first.
|
|
Batting: RHB Brad Santanello
|
0-0: Foul Ball, location: 2F 0-1: Ball 1-1: Called Strike 1-2: Foul Ball, location: 2F 1-2: Ball 2-2: Strikes out looking
|
| Top of the 8th over - 0 runs, 0 hits, 0 errors, 0 left on base; South Bend 8 - Kane County 2 |
| BOTTOM OF THE 8TH |
|
Kane County Cougars batting - Pitching for South Bend Cubs : RHP Jose Marrero
|
|
Batting: RHB Ernesto Zamora
|
0-0: Called Strike 0-1: Called Strike 0-2: Strikes out looking
|
|
Batting: LHB Tae-geun Kwang
|
0-0: Foul Ball, location: 2F 0-1: Swinging Strike 0-2: Ball 1-2: Strikes out swinging
|
|
Batting: LHB Omar Marquez
|
0-0: Ball 1-0: Ball 2-0: Called Strike 2-1: Foul Ball, location: 2F 2-2: Ball 3-2: Base on Balls
|
|
Pitching: RHP Ryohei Uda
|
|
|
Batting: RHB Larry Hardman
|
0-0: Ball 1-0: Foul Ball, location: 2F 1-1: Called Strike 1-2: Foul Ball, location: 2F 1-2: Strikes out swinging
|
| Bottom of the 8th over - 0 runs, 0 hits, 0 errors, 1 left on base; South Bend 8 - Kane County 2 |
| TOP OF THE 9TH |
|
South Bend Cubs batting - Pitching for Kane County Cougars : RHP Cortez Mendiola
|
|
Pitching: LHP Heath Henderson
|
|
|
Batting: RHB Armando Vilano
|
0-0: Ball 1-0: Fly out, F4 (Popup, 4M, EV 51.9 MPH)
|
|
Batting: RHB Jonathan Sotelo
|
0-0: Foul Ball, location: 2F 0-1: Swinging Strike 0-2: Ball 1-2: Ball 2-2: Ball 3-2: Strikes out swinging
|
|
Batting: LHB Mark Huey
|
0-0: Called Strike 0-1: Ball 1-1: Ball 2-1: Swinging Strike 2-2: Ball 3-2: Foul Ball, location: 2F 3-2: SINGLE (Groundball, 34D, EV 94.4 MPH)
|
|
Batting: RHB Denis Rachin
|
0-0: Ball 1-0: Ball 2-0: Called Strike 2-1: Foul Ball, location: 2F 2-2: Foul Ball, location: 2F 2-2: Strikes out swinging
|
| Top of the 9th over - 0 runs, 1 hit, 0 errors, 1 left on base; South Bend 8 - Kane County 2 |
| BOTTOM OF THE 9TH |
|
Kane County Cougars batting - Pitching for South Bend Cubs : RHP Ryohei Uda
|
|
Batting: RHB Paul Schreiber
|
0-0: Called Strike 0-1: SINGLE (Groundball, 56D, EV 97.5 MPH)
|
|
Batting: SHB Evan Armagost
|
0-0: Fielders Choice at 2nd, 4-6 (Groundball, 4, EV 86.9 MPH)
|
|
Batting: RHB Chad Mendoza
|
0-0: SINGLE (Flyball, 8LS, EV 88.8 MPH) Evan Armagost to second
|
|
Batting: LHB Jeff Harmon
|
0-0: Fly out, F7 (Flyball, 7, EV 94.4 MPH)
|
|
Batting: RHB Sergio Manzanero
|
0-0: Foul Ball, location: 2F 0-1: Foul Ball, location: 2F 0-2: Ball 1-2: Strikes out swinging
|
| Bottom of the 9th over - 0 runs, 2 hits, 0 errors, 2 left on base; South Bend 8 - Kane County 2 |
|